 Dungeon Crawl Stone Soup version 0.31-a0-1-g4198be8af4 (webtiles) character file.

Game seed: 6812620688522781541

343 Chudface the Sneak (level 6, -1/38 HPs)
             Began as a Kobold Brigand on May 2, 2023.
             Was a Believer of Makhleb.
             Splashed by a jelly's acid (8 damage)
             ... on level 4 of the Dungeon.
             The game lasted 00:06:19 (2693 turns).

Chudface the Sneak (Kobold Brigand)                 Turns: 2693, Time: 00:06:19

Health: -1/38      AC:  0    Str:  9    XL:     6   Next: 88%
Magic:  7/7        EV: 16    Int: 12    God:    Makhleb [**....]
Gold:   146        SH:  0    Dex: 18    Spells: 5/5 levels left

rFire   . . .        a - +2 dagger
rCold   + . .        (no shield)
rNeg    . . .        k - +1 robe {rC+}
rPois   +            (no helmet)
rElec   .            c - +0 cloak
rCorr   .            (no gloves)
SInv    .            (no boots)
Will    .....        (no amulet)
Stlth   +++++        p - ring of poison resistance
HPRegen 0.26/turn    (no ring)
MPRegen 0.10/turn

%: no passive effects
@: about to teleport, corroded
A: small, no large weapons, nightstalker 3
a: Renounce Religion, Minor Destruction


You were on level 4 of the Dungeon.
You worshipped Makhleb.
Makhleb was pleased with you.
You visited 1 branch of the dungeon, and saw 4 of its levels.

You collected 146 gold pieces.

Inventory:

Hand Weapons
 a - a +2 dagger (weapon)
Missiles
 d - 11 poisoned darts (quivered)
 e - 3 curare-tipped darts
Armour
 c - a +0 cloak (worn)
 k - a +1 robe of cold resistance (worn)
Jewellery
 p - a ring of poison resistance (left hand)
Scrolls
 b - a scroll of noise
 g - 2 scrolls of teleportation
 m - a scroll of enchant armour
 q - a scroll of immolation {unknown}
 r - a scroll of torment {unknown}
Potions
 h - a potion of ambrosia
 i - a potion of haste {unknown}
 j - 2 potions of heal wounds
 l - 2 potions of curing
 n - a potion of mutation {unknown}
 o - a potion of might {unknown}


   Skills:
 + Level 3.7 Fighting
 + Level 4.4 Short Blades
 - Level 3.0 Throwing
 + Level 3.6 Dodging
 + Level 6.8 Stealth
 + Level 2.2 Invocations


You had 5 spell levels left.
You didn't know any spells.
Your spell library contained the following spells:

 Spells                   Type           Power      Damage    Failure   Level
 Necrotise                Necr           0%         1d4       32%         1
 Vampiric Draining        Necr           0%         2d6       69%         3
 Agony                    Necr           0%         N/A       100%        5


Dungeon Overview and Level Annotations

Branches:
Dungeon (4/15)
 Temple: D:4-7

Altars:
Elyvilon
Gozag
Makhleb
Qazlal
The Shining One


Innate Abilities, Weirdness & Mutations

You are small and have problems with some larger weapons.
You are completely attuned to the shadows.


Message History

The hound is moderately wounded.
The hound barely misses you.
You hit the hound but do no damage.
The hound is moderately wounded.
The hound misses you.
You hit the hound.
The hound is moderately wounded.
The hound bites you.
You hit the hound.
The hound is heavily wounded.
The hound closely misses you. The hound bites you.
* * * LOW HITPOINT WARNING * * *
You hit the hound.
The hound is severely wounded.
The hound barely misses you.
You hit the hound.
The hound is almost dead.
You flicker for a moment.
The hound barely misses you.
You hit the hound.
You kill the hound!
Makhleb accepts your kill.
You feel better.
You start resting.
You flicker back into view.
You start resting.
A jelly is nearby!
Okay, then.
As you read the scroll of teleportation, it crumbles to dust.
You feel strangely unstable.
You hit the jelly.
Your hands burn!
The jelly is heavily wounded.
The jelly hits you but does no damage.
You hit the jelly. The acid corrodes you!
Your hands burn!
* * * LOW HITPOINT WARNING * * *
The jelly is severely wounded.
The jelly hits you.
* * * LOW HITPOINT WARNING * * *
You are splashed with acid!
You die...

##.## #.#
##..^## ##.##
#..#..#####...##
#.###..........#
#..#..####.#####
##...###.....#
###.# #.#.###
#.###.._..#
#.J@###.#.#
#####.....#
###.### #.#.#
### #...###
##.#####.#.#
#.#........# .
##.#####.#)# ..
##########.#
#...##...


You could see a jelly.

Vanquished Creatures
  A phantom (D:3)
  A howler monkey (D:4)
  A hound (D:4)
  An orc priest (D:3)
  2 iguanas (D:4)
  3 adders
  A worm (D:2)
  2 dart slugs (D:1)
  7 orcs
  11 endoplasms
  3 giant cockroaches
  8 goblins
  8 hobgoblins
  2 jackals (D:3)
  4 quokkas
  3 ball pythons
  5 bats
  3 frilled lizards (D:2)
  8 kobolds
  6 rats
80 creatures vanquished.

Vanquished Creatures (others)
  A giant cockroach (D:3)
  A hobgoblin (D:3)
2 creatures vanquished.

Grand Total: 82 creatures vanquished

Notes
Turn   | Place    | Note
-------+----------+-------------------------------------------
     0 | D:1      | Chudface the Kobold Brigand began the quest for the Orb.
     0 | D:1      | Reached XP level 1. HP: 12/12 MP: 1/1
   141 | D:1      | Reached XP level 2. HP: 18/18 MP: 2/2
   561 | D:1      | Found a faded altar of an unknown god.
   637 | D:1      | Reached XP level 3. HP: 22/22 MP: 3/3
   779 | D:1      | Prayed at the altar of an unknown god.
   779 | D:1      | Became a worshipper of Makhleb the Destroyer
   779 | D:1      | Reached * piety under Makhleb
  1125 | D:2      | Reached XP level 4. HP: 27/27 MP: 4/4
  1493 | D:3      | Noticed a phantom
  1497 | D:3      | Killed a phantom
  1498 | D:3      | Reached skill level 6 in Stealth
  1498 | D:3      | Reached skill level 1 in Invocations
  1498 | D:3      | Reached XP level 5. HP: 32/32 MP: 5/5
  1533 | D:3      | Reached ** piety under Makhleb
  1561 | D:3      | Reached XP level 6. HP: 37/37 MP: 7/7
  1642 | D:3      | Found a white marble altar of Elyvilon.
  2211 | D:3      | Found a glowing golden altar of the Shining One.
  2364 | D:4      | Noticed an ogre
  2472 | D:4      | Found a stormy altar of Qazlal.
  2513 | D:4      | Found an opulent altar of Gozag.
  2693 | D:4      | Splashed by a jelly's acid

Illustrated notes

Levels and vault maps discovered:
D:1:      tarquinn_simple_flora_water_a, layout_basic,
          hellmonk_ecumenical_altar_slurped_away, fountainhead
D:2:      layout_basic, minmay_tetromino_o4
D:3:      layout_loops_ring, elyvilon_altar_4, mainiacjoe_overflow_alcove_2
D:4:      nicolae_cairo_tiling_very_big, layout_loops_corners,
          grunt_qazlal_clouds, nicolae_gozag_cash_rules_everything_around_me,
          gammafunk_ghost_grave, minmay_vboxes, uniq_ijyb, uniq_edmund

Skill      XL: |  1  2  3  4  5  6 |
---------------+-------------------+-----
Short Blades   | 3 4 |  4.4
Dodging        | 2 3 |  3.6
Fighting       | 3 |  3.7
Throwing       | 3 |  3.0
Stealth        | 6 |  6.8
Invocations    | 1 2 |  2.2

Action                     |  1- 3 |  4- 6 || total
---------------------------+-------+-------++-------
  Melee: Dagger            |    73 |   125 ||   198
         Punch             |     1 |     2 ||     3
 Invoke: Minor Destruction |       |     1 ||     1
    Use: Scroll            |     4 |     4 ||     8
         Potion            |       |     1 ||     1
   Stab: Sleeping          |    19 |    34 ||    53
         Distracted        |       |     1 ||     1
 Armour: Robe              |    10 |     6 ||    16
  Dodge: Dodged            |    28 |    61 ||    89

Table legend: (Time is in decaauts)
 A = Elapsed time spent in this place.
 B = Non-inter-level travel time spent in this place.
 C = Inter-level travel time spent in this place.
 D = Time resting spent in this place.
 E = Time spent auto-exploring this place.
 F = Levels seen in this place.
 G = Mean time per level.
                   A        B        C        D        E       F      G
               +--------+--------+--------+--------+--------+-----+--------+
         Total |   2659 |   2418 |    241 |     33 |   1731 |   4 |  664.8 |
       Dungeon |   2659 |   2418 |    241 |     33 |   1731 |   4 |  664.8 |
               +--------+--------+--------+--------+--------+-----+--------+

Top non-repeatable levels by time:
     D:1: 985 daAuts
     D:3: 892 daAuts
     D:2: 458 daAuts
     D:4: 323 daAuts
